 Dungeon Crawl Stone Soup version 0.26.1-11-gd32895ea62 (webtiles) character file.

Game seed: 5482353062336931810

62318 stebl the Stormcaller (level 15, 0/95 HPs)
             Began as a Tengu Air Elementalist on June 24, 2021.
             Was a High Priest of Vehumet.
             Killed by divine providence
             ... invoked by an orc priest
              (15 damage)
             ... on level 1 of the Orcish Mines on July 10, 2021.
             The game lasted 02:59:10 (37274 turns).

stebl the Stormcaller (Tengu Air Elementalist)     Turns: 37274, Time: 02:59:11

Health: 0/95       AC: 12    Str:  8    XL:     15   Next: 5%
Magic:  8/30       EV: 26    Int: 20    God:    Vehumet [*****.]
Gold:   3076       SH:  7    Dex: 16    Spells: 8/34 levels left

rFire    . . .     SeeInvis .   K - +0 whip (elec)
rCold    + + .     Faith    .   y - +2 buckler
rNeg     + . .     Spirit   .   c - +1 robe {rC+}
rPois    +         Reflect  .   L - +1 hat
rElec    .         Harm     .   G - +2 ratskin cloak {*Rats rPois rN+ Str-1 Int-1 Dex+1}
rCorr    .         Rampage  .   u - +0 pair of gloves
Will     +....                  (boots unavailable)
Stlth    ++........             (no amulet)
HPRegen  0.25/turn              r - +4 ring of protection
MPRegen  0.22/turn              s - ring of protection from cold

@: flying quickly and evasively, quick
A: beak, talons 3, able to fly
a: Stop Flying, Renounce Religion


You were on level 1 of the Orcish Mines.
You worshipped Vehumet.
Vehumet was extremely pleased with you.
You visited 4 branches of the dungeon, and saw 19 of its levels.

You collected 3076 gold pieces.

Inventory:

Hand Weapons
 x - a +2 whip of freezing
 I - a +0 quick blade
 K - a +0 whip of electrocution (weapon)
Missiles
 f - 3 boomerangs of dispersal
Armour
 c - a +1 robe of cold resistance (worn)
 u - a +0 pair of gloves (worn)
 y - a +2 buckler (worn)
 G - the +2 ratskin cloak (worn) {*Rats rPois rN+ Str-1 Int-1 Dex+1}
   (You found it on level 8 of the Dungeon)

   It affects your strength (-1).
   It affects your intelligence (-1).
   It affects your dexterity (+1).
   It protects you from poison.
   It protects you from negative energy.
 L - a +1 hat (worn)
 O - a +1 robe of willpower
Jewellery
 b - a +6 ring of dexterity
 r - a +4 ring of protection (left hand)
 s - a ring of protection from cold (right hand)
 B - an uncursed ring of wizardry
 M - an uncursed ring of see invisible
Wands
 o - a wand of digging (4)
 z - a wand of iceblast (19)
 C - a wand of acid (6)
 E - a wand of paralysis (21)
 N - a wand of disintegration (16)
Scrolls
 a - 3 scrolls of fog
 d - 2 scrolls of identify
 e - 6 scrolls of teleportation
 g - a scroll of enchant weapon
 h - 3 scrolls of magic mapping
 i - 7 scrolls of remove curse
 l - a scroll of fear
 q - 3 scrolls of immolation
 A - 3 scrolls of blinking
 F - 2 scrolls of vulnerability
 H - 2 scrolls of amnesia
Potions
 j - 4 potions of might
 k - 5 potions of haste
 m - 7 potions of curing
 n - 3 potions of lignification
 p - 4 potions of attraction
 t - 2 potions of brilliance
 v - 4 potions of heal wounds
 w - 2 potions of mutation
 D - 2 potions of ambrosia
 J - a potion of cancellation {unknown}


   Skills:
 + Level 11.3 Fighting
 + Level 13.2 Dodging
 - Level 2.0 Stealth
 - Level 4.0 Shields
 - Level 10.0 Spellcasting
 - Level 12.4 Conjurations
 - Level 3.0 Fire Magic
 - Level 17.1 Air Magic


You had 8 spell levels left.
You knew the following spells:

 Your Spells              Type           Power        Failure   Level
a - Shock                 Conj/Air       100%         0%          1
b - Swiftness             Air            68%          0%          2
c - Static Discharge      Conj/Air       62%          1%          3
d - Airstrike             Air            34%          1%          4
e - Lightning Bolt        Conj/Air       31%          1%          5
f - Fireball              Conj/Fire      20%          2%          5
g - Conjure Ball Lightni  Conj/Air       31%          1%          6

Your spell library contained the following spells:

 Spells                   Type           Power        Failure   Level
 Foxfire                  Conj/Fire      100%         1%          1
 Poisonous Vapours        Pois/Air       88%          1%          2
 Conjure Flame            Conj/Fire      41%          1%          3
 Mephitic Cloud           Conj/Pois/Air  49%          1%          3
 Sticky Flame             Conj/Fire      41%          1%          4
 Inner Flame              Hex/Fire       16%          3%          3
 Freezing Cloud           Conj/Ice/Air   24%          5%          6
 Silence                  Hex/Air        22%          6%          5
 Animate Skeleton         Necr           20%          7%          1
 Apportation              Tloc           20%          7%          1
 Corona                   Hex            11%          7%          1
 Summon Small Mammal      Summ           40%          7%          1
 Yara's Violent Unravell  Hex/Tmut       5%           41%         5
 Cause Fear               Hex            5%           56%         4
 Ice Form                 Ice/Tmut       10%          56%         4
 Passage of Golubria      Tloc           N/A          56%         4
 Metabolic Englaciation   Hex/Ice        5%           88%         5
 Ozocubu's Refrigeration  Ice            5%           92%         6
 Simulacrum               Ice/Necr       5%           100%        6
 Discord                  Hex            5%           100%        8


Dungeon Overview and Level Annotations

Branches:
Dungeon (10/15)            Temple (1/1) D:6            Lair (6/6) D:9
  Swamp (0/4) Lair:3        Snake (0/4) Lair:3        Slime (0/5) Lair:5
    Orc (2/2) D:9             Elf (0/3) Orc:2

Altars:
Ashenzari
Cheibriados
Dithmenos
Elyvilon
Fedhas
Gozag
Hepliaklqana
Kikubaaqudgha
Makhleb
Nemelex Xobeh
Okawaru
Qazlal
Ru
Sif Muna
Trog
Uskayaw
Vehumet
Wu Jian
Xom
Yredelemnul
Zin
The Shining One
Beogh

Shops:
D:5 (

Annotations:
D:4 1 runed translucent door, Ekaitz's ghost, amateur DsIE
Lair:2 exclusion: 2 oklob plants
Orc:1 2 transporters


Innate Abilities, Weirdness & Mutations

You have a beak for a mouth.
You have claws for feet.
You can fly continuously.


Message History

The orc priest calls upon Beogh to heal the orc priest.
The orc priest's wounds heal themselves!
The orc priest miscasts a cantrip.
The orc priest invokes the aid of Beogh against you.
Beogh smites you!
Casting: Shock (safe; 0% risk of failure)
Confirm with . or Enter, or press ? or * to list all spells.
Aiming: Lightning Bolt (safe; 1% risk of failure)
Press: ? - help, Shift-Dir - straight line
Okay, then.
The orc priest invokes the aid of Beogh against you.
Beogh smites you!
* * * LOW HITPOINT WARNING * * *
There is a stone staircase leading down here.
The orc priest invokes the aid of Beogh against you.
Beogh smites you!
* * * LOW HITPOINT WARNING * * *
The orc priest invokes the aid of Beogh against you.
Beogh smites you!
You die...

###### ### ###.#..####
##.##
##.......#.######...#
#..............##..## #
#.....@..#..........###
##.##.......O..#.....#.
#...#.................#
#...........o.......[..
#..........o...........
#.......#...o.........#
#.................##...
#.........#...#........
##.......#)...#........


You could see a two-headed ogre, 2 orc priests and an orc.

Vanquished Creatures
  Gastronok (Lair:2)
  2 entropy weavers
  Snorg (Lair:3)
  An ettin (Orc:1)
  Fannar (Lair:2)
  8 hydras
  A catoblepas (Lair:6)
  4 two-headed ogres
  A queen ant (Lair:5)
  A death yak (Lair:6)
  An orc high priest (Orc:2)
  Urug (Lair:2)
  Pikel (D:6)
  3 orc knights (Orc:2)
  2 oklob plants
  A will-o-the-wisp (Lair:3)
  4 orc sorcerers (Orc:2)
  3 elephants (Lair:4)
  8 black mambas
  24 cane toads
  2 rime drakes
  10 komodo dragons
  4 trolls
  4 tyrant leeches
  A hornet (D:9)
  18 blink frogs
  43 yaks
  5 wyverns
  Grum (D:8)
  6 basilisks
  6 vampire mosquitoes (Lair:6)
  3 wargs
  A swamp worm (Lair:1)
  12 water moccasins
  11 soldier ants
  An acid dragon (D:9)
  20 orc warriors
  5 black bears
  5 sky beasts
  A necrophage (D:9)
  2 ice beasts
  11 ogres
  2 phantoms
  8 wolves
  2 lemures (D:6)
  3 centaurs
  A big kobold (D:10)
  22 bullfrogs
  3 killer bees (D:9)
  3 scorpions
  2 vampire bats (Lair:4)
  2 electric eels (Lair:6)
  6 howler monkeys
  A centaur zombie (D:5)
  A bullfrog zombie (D:5)
  18 orc priests
  4 hounds
  3 jellies
  A bullfrog skeleton (D:5)
  3 hell rats (D:8)
  2 iguanas
  17 orc wizards
  21 worker ants
  Natasha (twice) (D:3)
  A hound zombie (D:5)
  A hound skeleton (D:7)
  A worker ant zombie (D:10)
  16 gnolls
  A howler monkey zombie (D:8)
  8 adders
  4 river rats (D:8)
  2 shadow imps
  A white imp (D:9)
  3 ufetubi
  An ooze (D:4)
  2 adder skeletons
  4 worms
  3 leopard geckos
  56 orcs
  2 ball pythons
  8 giant cockroaches
  6 goblins
  9 hobgoblins
  9 jackals
  A quokka (D:6)
  19 bats
  2 frilled lizards
  A jackal skeleton (D:6)
  A jackal zombie (D:7)
  12 kobolds
  A leopard gecko skeleton (D:8)
  25 rats
568 creatures vanquished.

Vanquished Creatures (collateral kills)
  A boulder beetle (Lair:4)
  2 cane toads
3 creatures vanquished.

Vanquished Creatures (others)
  47 fungi
  204 plants
251 creatures vanquished.

Grand Total: 822 creatures vanquished

Notes
Turn   | Place    | Note
-------+----------+-------------------------------------------
     0 | D:1      | stebl the Tengu Air Elementalist began the quest for the
                  | Orb.
     0 | D:1      | Reached XP level 1. HP: 10/10 MP: 4/4
   258 | D:1      | Reached XP level 2. HP: 15/15 MP: 3/6
   261 | D:1      | Learned a level 2 spell: Swiftness
   941 | D:1      | Reached skill level 5 in Air Magic
  1277 | D:2      | Reached XP level 3. HP: 19/19 MP: 4/7
  1820 | D:2      | Found a sacrificial altar of Ru.
  2347 | D:2      | Learned a level 3 spell: Static Discharge
  2387 | D:3      | Reached XP level 4. HP: 24/24 MP: 6/8
  2625 | D:3      | Reached skill level 6 in Air Magic
  3519 | D:3      | Gained mutation: You can fly continuously. [Tengu growth]
  3519 | D:3      | Reached XP level 5. HP: 28/28 MP: 6/10
  3885 | D:3      | Noticed Natasha
  3900 | D:3      | Killed Natasha
  4311 | D:3      | Noticed Natasha
  4315 | D:3      | Killed Natasha
  4316 | D:3      | Reached skill level 7 in Air Magic
  4582 | D:4      | Found a runed translucent door.
  4588 | D:4      | Noticed Ekaitz's ghost (amateur DsIE)
  4595 | D:4      | Reached XP level 6. HP: 30/32 MP: 3/11
  5325 | D:4      | Reached skill level 8 in Air Magic
  5840 | D:4      | Reached XP level 7. HP: 36/36 MP: 5/12
  6131 | D:4      | Found a broken altar of Ashenzari.
  6131 | D:4      | Found a blossoming altar of Fedhas.
  6221 | D:4      | Reached skill level 9 in Air Magic
  6226 | D:4      | Learned a level 4 spell: Airstrike
  6529 | D:5      | Entered Level 5 of the Dungeon
  6714 | D:5      | Reached skill level 5 in Conjurations
  6847 | D:5      | Noticed a two-headed ogre
  7114 | D:5      | Found Cieth's Weapon Boutique.
  7218 | D:6      | Found a sparkling altar of Nemelex Xobeh.
  7378 | D:6      | Found a staircase to the Ecumenical Temple.
  7392 | Temple   | Entered the Ecumenical Temple
  7666 | D:6      | Reached skill level 1 in Fighting
  7666 | D:6      | Reached XP level 8. HP: 43/43 MP: 1/13
  8773 | D:6      | Noticed Pikel
  8787 | D:6      | Killed Pikel
  8788 | D:6      | Reached skill level 5 in Dodging
  8788 | D:6      | Reached skill level 5 in Spellcasting
  8788 | D:6      | Reached skill level 10 in Air Magic
  8936 | D:5      | Killed a two-headed ogre
  8937 | D:5      | Reached skill level 11 in Air Magic
  8937 | D:5      | Reached XP level 9. HP: 50/50 MP: 0/17
 10176 | D:6      | Reached skill level 5 in Fighting
 10438 | D:7      | Reached XP level 10. HP: 59/59 MP: 9/18
 10699 | D:7      | Found a radiant altar of Vehumet.
 10702 | D:7      | Found a bloodstained altar of Trog.
 10702 | D:7      | Found an ornate altar of the Wu Jian Council.
 10703 | D:7      | Found a hazy altar of Hepliaklqana.
 10714 | D:7      | Became a worshipper of Vehumet
 10721 | D:7      | Learned a level 5 spell: Lightning Bolt
 12333 | D:8      | Reached * piety under Vehumet
 12333 | D:8      | Offered knowledge of Magic Dart by Vehumet.
 12832 | D:8      | Noticed a two-headed ogre
 12839 | D:8      | Killed a two-headed ogre
 13195 | D:8      | Noticed Grum
 13198 | D:8      | Killed Grum
 13545 | D:8      | Offered knowledge of Freeze by Vehumet.
 13548 | D:8      | Reached ** piety under Vehumet
 13763 | D:8      | Found the +2 ratskin cloak {*Rats rPois rN+ Str-1 Int-1
                  | Dex+1}
 14090 | D:9      | Reached skill level 10 in Conjurations
 14302 | D:9      | Reached XP level 11. HP: 60/64 MP: 12/19
 14326 | D:9      | Noticed a two-headed ogre
 14330 | D:9      | Killed a two-headed ogre
 14847 | D:9      | Learned a level 5 spell: Fireball
 15077 | D:9      | Reached skill level 1 in Fire Magic
 15393 | D:9      | Offered knowledge of Dazzling Flash by Vehumet.
 15795 | D:9      | Found a staircase to the Lair.
 15883 | D:9      | Found a staircase to the Orcish Mines.
 16298 | D:10     | Entered Level 10 of the Dungeon
 16546 | D:10     | Reached *** piety under Vehumet
 17297 | D:10     | Offered knowledge of Stone Arrow by Vehumet.
 18029 | Lair:1   | Entered Level 1 of the Lair of Beasts
 18178 | Lair:1   | Reached skill level 10 in Dodging
 18347 | Lair:1   | Reached skill level 12 in Air Magic
 19984 | Lair:2   | Noticed an oklob plant
 19984 | Lair:2   | Noticed an oklob plant
 20300 | Lair:2   | Identified a scroll of acquirement
 20309 | Lair:2   | Acquired 1122 gold pieces
 20344 | Lair:2   | Noticed Gastronok
 20358 | Lair:2   | Noticed Urug
 20393 | Lair:2   | Reached XP level 12. HP: 70/70 MP: 16/22
 20522 | Lair:3   | Noticed a six-headed hydra
 20532 | Lair:3   | Noticed an eight-headed hydra
 20568 | Lair:3   | Killed a six-headed hydra
 20568 | Lair:3   | Noticed Snorg
 20569 | Lair:3   | Reached skill level 13 in Air Magic
 20706 | Lair:2   | Noticed Fannar
 20778 | Lair:2   | Killed Fannar
 22162 | Lair:3   | Killed an eight-headed hydra
 22163 | Lair:3   | Reached skill level 14 in Air Magic
 22570 | Lair:4   | Noticed an eight-headed hydra
 22577 | Lair:4   | Killed an eight-headed hydra
 22795 | Lair:3   | Found a staircase to the Snake Pit.
 22811 | Lair:3   | Found a staircase to the Swamp.
 23147 | Lair:3   | Reached skill level 15 in Air Magic
 23229 | Lair:3   | Noticed a four-headed hydra
 23234 | Lair:3   | Killed a four-headed hydra
 23412 | Lair:3   | Identified the Catalogue of Dislocated Air
 23611 | Lair:3   | Noticed a seven-headed hydra
 23618 | Lair:3   | Killed a seven-headed hydra
 24371 | Lair:4   | Reached XP level 13. HP: 74/74 MP: 15/26
 24585 | Lair:4   | Reached skill level 16 in Air Magic
 24952 | Lair:2   | Killed Urug
 25131 | Lair:3   | Killed Snorg
 25877 | Lair:4   | Reached **** piety under Vehumet
 25965 | Lair:4   | Reached skill level 17 in Air Magic
 25982 | Lair:4   | Offered knowledge of Ignite Poison by Vehumet.
 26877 | Lair:5   | Found a staircase to the Slime Pits.
 26981 | Lair:5   | Reached skill level 1 in Shields
 27200 | Lair:5   | Noticed an entropy weaver
 27205 | Lair:5   | Killed an entropy weaver
 27343 | Lair:5   | Noticed an entropy weaver
 28277 | Lair:5   | Reached skill level 10 in Spellcasting
 28750 | Lair:4   | Killed an entropy weaver
 29075 | Lair:6   | Entered Level 6 of the Lair of Beasts
 29588 | Lair:6   | Reached XP level 14. HP: 84/84 MP: 10/29
 29899 | Lair:6   | Reached ***** piety under Vehumet
 29906 | Lair:6   | Offered knowledge of Conjure Ball Lightning by Vehumet.
 29922 | Lair:5   | Learned a level 6 spell: Conjure Ball Lightning
 32090 | Lair:6   | Reached skill level 10 in Fighting
 33476 | Lair:2   | Killed Gastronok
 33929 | Orc:1    | Entered Level 1 of the Orcish Mines
 34245 | Orc:2    | Entered Level 2 of the Orcish Mines
 34374 | Orc:2    | Paralysed by an orc sorcerer for 4 turns
 34426 | Orc:2    | Found a roughly hewn altar of Beogh.
 35688 | Orc:2    | Reached XP level 15. HP: 94/94 MP: 5/30
 36109 | Orc:2    | Noticed an orc warlord
 36814 | Orc:1    | Found a transporter.
 36822 | Orc:1    | Found a roughly hewn altar of Beogh.
 36822 | Orc:1    | Found a transporter.
 36980 | Orc:2    | Found a staircase to the Elven Halls.
 37274 | Orc:1    | Killed from afar by an orc priest

Illustrated notes

Levels and vault maps discovered:
D:1:      saegor_arrival_under_anarchy, layout_loops_corners,
          minmay_tromino_v4_c
D:2:      layout_loops_ring, nicolae_ru_the_path_less_chosen, serial_forest,
          infiniplex_forest_lined_2, infiniplex_forest_clump_small,
          infiniplex_forest_lined_2, infiniplex_forest_clump_small,
          infiniplex_forest_lined_3_way, grunt_decor_arrowhead
D:3:      layout_basic, uniq_natasha
D:4:      layout_basic, amethyst_overflow_temple_binary, gammafunk_ghost_grave,
          portal_sewer_entry_e
D:5:      layout_basic, serial_shops, nicolae_shop_waterfront
D:6:      layout_basic, nicolae_overflow_crystal_walls,
          minmay_temple_entry_stoned_glass, serial_park_tiny_2, sigmund_army,
          uniq_pikel
D:7:      layout_cave_pods, grunt_temple_overflow_open
D:8:      wander_guarded_unrand_ratskin, layout_cave_pods, minmay_microvault,
          uniq_grum
D:9:      layout_basic, erik_lair_dragon, orc_0_dummy
D:10:     layout_loops_ring
Temple:   dpeg_chambers_temple
Lair:1:   layout_cave_pods, worms_lemuel
Lair:2:   layout_cave_pods, serial_bayou, serial_bayou_lagoon_a,
          serial_bayou_ford_a, serial_bayou_crossing, serial_bayou_pond_b,
          lemuel_fruit_fields, grunt_megastairs_5, infiniplex_staircase_pool_2,
          minmay_lair_oklob_chamber, uniq_urug, uniq_gastronok, uniq_fannar
Lair:3:   nzn_winding_woodlands_small [nzn_winding_woodlands_5x15_sidewinder,
          nzn_winding_woodlands_center_diamonds,
          nzn_winding_woodlands_5x15_pool], layout_cave_pods,
          minmay_swamp_entry_wisps, guppyfry_snake_entry_garden,
          grunt_megastairs_2, uniq_snorg
Lair:4:   layout_long_grid, nicolae_quartered_pool_medium, roderic_batcave
Lair:5:   layout_misc_corridors, dpeg_slime_entry_corner, minmay_another_anthill
Lair:6:   minmay_lair_end_frog_pond, layout_gridlike, st_stairs_12,
          nicolae_lair_yak_garden
Orc:1:    gammafunk_beogh_shrine, layout_caves
Orc:2:    grunt_orc_cross, layout_caves, basic_altar

Skill      XL: |  1  2  3  4  5  6  7  8  9 10 11 12 13 14 |
---------------+-------------------------------------------+-----
Air Magic      | 5 6 7 8 9 11 12 15 17 | 17.1
Conjurations   | 2 3 4 5 6 10 12 | 12.4
Spellcasting   | 3 5 6 8 10 | 10.0
Fighting       | 1 3 5 6 8 11 | 11.3
Dodging        | 3 5 7 8 10 13 | 13.2
Fire Magic     | 3 |  3.0
Shields        | 4 |  4.0
Stealth        | |  2.0

Action                   |  1- 3 |  4- 6 |  7- 9 | 10-12 | 13-15 || total
-------------------------+-------+-------+-------+-------+-------++-------
Melee: Whip              |       |       |     3 |    40 |    29 ||    72
       Peck              |       |       |     1 |     6 |     1 ||     8
       Kick              |       |       |       |     4 |     6 ||    10
 Cast: Shock             |    80 |   129 |   178 |   264 |    61 ||   712
       Static Discharge  |       |     9 |    18 |    61 |    27 ||   115
       Airstrike         |       |       |    20 |   206 |   341 ||   567
       Lightning Bolt    |       |       |       |    14 |    98 ||   112
       Fireball          |       |       |       |     4 |     1 ||     5
       Swiftness         |       |       |       |     1 |       ||     1
       Conjure Ball Ligh |       |       |       |       |     1 ||     1
 Abil: Fly               |       |     1 |       |       |     1 ||     2
       Stop Flying       |       |       |       |       |     1 ||     1
Evoke: Wand              |       |       |     5 |     5 |     3 ||    13
  Use: Scroll            |       |       |    10 |    13 |     7 ||    30
       Potion            |       |       |       |       |     1 ||     1
 Stab: Sleeping          |       |       |       |     1 |       ||     1
Armor: Robe              |     3 |     1 |     7 |     7 |     5 ||    23
Dodge: Dodged            |    15 |    20 |    37 |   112 |   131 ||   315
Block: Buckler           |       |       |       |       |    38 ||    38
